 Dungeon Crawl Stone Soup version 0.28.0 (webtiles) character file.

Game seed: 18335353217944650370

2 Morbidden the Skirmisher (level 1, 0/18 HPs)
             Began as a Demigod Wanderer on Feb 14, 2022.
             Slain by a goblin (2 damage)
             ... on level 1 of the Dungeon.
             The game lasted 00:00:26 (28 turns).

Morbidden the Skirmisher (Demigod Wanderer)           Turns: 28, Time: 00:00:26

Health: 0/18       AC:  3    Str: 16    XL:     1   Next: 20%
Magic:  2/4        EV: 11    Int: 13    God:
Gold:   0          SH:  0    Dex: 11    Spells: 1/2 levels left

rFire   . . .      SeeInvis .   a - +0 club
rCold   . . .      Faith    .   (no shield)
rNeg    . . .      Spirit   .   c - +0 leather armour
rPois   .          Reflect  .   (no helmet)
rElec   .          Harm     .   (no cloak)
rCorr   .          Rampage  .   (no gloves)
Will    .....                   (no boots)
Stlth   +.........              (no amulet)
HPRegen 0.06/turn               (no ring)
MPRegen 0.09/turn               (no ring)

@: no status effects
A: high MP 1, forlorn, divine attributes
a: no special abilities


You were on level 1 of the Dungeon.
You visited 1 branch of the dungeon, and saw 1 of its levels.

Inventory:

Hand Weapons
 a - a +0 club (weapon)
Armour
 c - a +0 leather armour (worn)
Scrolls
 d - a scroll of fog
Potions
 e - a potion of haste {unknown}
Miscellaneous
 b - a piece from Xom's chessboard (12/15)


   Skills:
 * Level 2.8 Fighting
 + Level 1.0 Armour
 + Level 1.0 Stealth
 * Level 1.0 Spellcasting
 * Level 2.6 Transmutations
 * Level 0.1 Poison Magic
 + Level 1.0 Evocations


You had one spell level left.
You knew the following spells:

 Your Spells              Type           Power      Damage    Failure   Level
a - Sting                 Tmut/Pois      16%        1d3       19%         1

Your spell library contained the following spells:

 Spells                   Type           Power      Damage    Failure   Level
 Passwall                 Tmut/Erth      3%         N/A       30%         2
 Petrify                  Tmut/Erth      4%         N/A       89%         4


Dungeon Overview and Level Annotations

Branches:
Dungeon (1/15)


Innate Abilities, Weirdness & Mutations

You have an increased reservoir of magic. (+10% MP)
You shall have no god before yourself.
Your divine heritage dramatically boosts your attributes as you level up.


Message History

You are too injured to fight recklessly!
You are too injured to fight recklessly!
You are too injured to fight recklessly!
You are too injured to fight recklessly!
Unknown command.
Are you sure you want to abandon this character and quit the game? (Confirm with "yes".)
Okay, then.
There's nothing to close nearby.
You make a move on Xom's chessboard...
The rat seems to slow down.
The goblin hits you but does no damage. The kobold closely misses you.
The rat misses you.
Unknown command.
There's nothing to close nearby.
The kobold barely misses you.
Unknown command.
You make a move on Xom's chessboard...
The rat seems to slow down.
The kobold barely misses you. The goblin hits you with a +0 dagger.
* * * LOW HITPOINT WARNING * * *
Unknown command.
Unknown command.
Unknown command.
You make a move on Xom's chessboard...
The rat suddenly stops moving!
The goblin closely misses you.
The kobold hits you with a +0 short sword.
* * * LOW HITPOINT WARNING * * *
Unknown command.
You are too injured to fight recklessly!
You are too injured to fight recklessly!
Unknown command.
You are too injured to fight recklessly!
You closely miss the kobold.
The kobold hits you with a +0 short sword.
* * * LOW HITPOINT WARNING * * *
The goblin barely misses you.
The helpless rat fails to defend itself.
You hit the rat.
The rat is heavily wounded.
The kobold barely misses you. The goblin hits you but does no damage.
The goblin hits you with a +0 dagger.
You die...

#...........#..#
#8.8...........# . #
#####.#..#..#..#..# ..
#.#.#.#.#...........#...
#.......#.###.#.........
#...<...#.# #...#.......
#.......#.###.).#†......
#.#.#.#.#.##....g.......
# #####.#......@Kr......
#.#.......r.......
#.#.##..##........ .#.
#..##..#..... # #..
#........ #.. .........
# #......!. ......


You could see a goblin, a kobold and 2 rats.

Vanquished Creatures
  A kobold (D:1)
  A frilled lizard (D:1)
2 creatures vanquished.

Notes
Turn   | Place    | Note
-------+----------+-------------------------------------------
     0 | D:1      | Morbidden the Demigod Wanderer began the quest for the Orb.
     0 | D:1      | Morbidden set off with the following items: a +0 club, a
                  | piece from Xom's chessboard (15/15), a +0 leather armour, a
                  | scroll of fog; and the following spell memorised: Sting;
                  | and the following spells available to memorise: Passwall,
                  | Petrify
     0 | D:1      | Reached XP level 1. HP: 18/18 MP: 4/4
    28 | D:1      | Slain by a goblin

Illustrated notes

Levels and vault maps discovered:
D:1:      psy_arrival_basics, layout_basic, chequers_big_river

Action                   || total
-------------------------++-------
Melee: Club              ||     7
 Cast: Sting             ||     3
Evoke: Piece from Xom's  ||     3
 Stab: Paralysed         ||     1
Armor: Leather armour    ||     6
Dodge: Dodged            ||    12
